 Dungeon Crawl Stone Soup version 0.32-a0-18-g89e19f1974 (webtiles) character file.

Game seed: 7129287382438712850

37 CraigForest the Ruffian (level 3, -1/32 HPs)
             Began as a Troll Shapeshifter on Jan 17, 2024.
             Was an Initiate of Ashenzari.
             Slain by Terence
             ... wielding a +0 short sword
              (3 damage)
             ... on level 2 of the Dungeon.
             The game lasted 00:04:56 (1283 turns).

CraigForest the Ruffian (Troll Shapeshifter)        Turns: 1283, Time: 00:04:58

Health: -1/32      AC:  4    Str: 24    XL:     3   Next: 21%
Magic:  2/2        EV:  9    Int:  6    God:    Ashenzari [......]
Gold:   70         SH:  0    Dex:  9    Spells: 2/2 levels left

rFire   . .          .
                       - Unarmed
rCold   . . .        (no shield)
rNeg    . . .        a - +0 animal skin
rPois   .            (helmet currently unavailable)
rElec   .            (cloak currently unavailable)
rCorr   .            (gloves unavailable)
SInv    .            (boots unavailable)
Will    .....        (no amulet)
Stlth   +            (no ring)
HPRegen 1.05/turn    (no ring)
MPRegen 0.08/turn

%: no passive effects
@: beast-form
A: beast (slay +2), large, unfitting armour, claws 3, regeneration 1, shaggy fur
1, tough skin 1
a: Begin Untransformation, Renounce Religion, Curse Item


You were on level 2 of the Dungeon.
You worshipped Ashenzari.
Ashenzari was noncommittal.
You were a hulking beast.
You visited 1 branch of the dungeon, and saw 2 of its levels.

You collected 70 gold pieces.

Inventory:

Armour
 a - a +0 animal skin (worn)
Talismans
 c - a beast talisman (active)
 d - a flux talisman
Scrolls
 f - a scroll of fear {unknown}
 g - a scroll of enchant armour {unknown}
 i - a scroll of revelation {unknown}
Potions
 b - a potion of lignification
 e - a potion of curing {unknown}
 h - a potion of invisibility {unknown}
 j - a potion of degeneration {unknown}


   Skills:
 + Level 0.7 Fighting
 + Level 1.6 Dodging
 * Level 3.7 Unarmed Combat
 * Level 3.5 Shapeshifting


You had 2 spell levels left.
You didn't know any spells.
Your spell library was empty.

Dungeon Overview and Level Annotations

Branches:
Dungeon (2/15)

Altars:
Ashenzari

Annotations:
D:2 Terence


Innate Abilities, Weirdness & Mutations

You are a hulking beast.
Your limbs bulge with bestial killing power. (Slay +2)
You are too large for most types of armour.
You have claws for hands.
Your natural rate of healing is unusually fast.
You are covered in fur. (AC +1)
You have tough skin. (AC +1)


Message History

You are too injured to fight recklessly!
You are too injured to fight recklessly!
You are too injured to fight recklessly!
You are too injured to fight recklessly!
You are too injured to fight recklessly!
The gnoll attacks as it pursues you! The gnoll closely misses you.
The gnoll attacks as it pursues you! The gnoll hits you with a +0 club.
* * * LOW HITPOINT WARNING * * *
There is a stone staircase leading up here.
The gnoll barely misses you.
You climb upwards.
There is a stone staircase leading down here.
You claw the gnoll!
You kill the gnoll!
You have reached level 3!
Your experience leads to an increase in your attributes!
Increase (S)trength, (I)ntelligence, or (D)exterity?
You feel stronger. x3
HP restored.
Done exploring.
You climb downwards.
Level annotation: Terence Terence hits you with a +0 short sword.
The gnoll hits you but does no damage.
There is a stone staircase leading up here.
You claw Terence!
Terence is severely wounded.
Terence closely misses you. The gnoll hits you with a +0 flail!
You scratch Terence but do no damage.
Terence is severely wounded.
The gnoll barely misses you. Terence hits you with a +0 short sword.
You scratch Terence but do no damage.
Terence is severely wounded.
Terence hits you with a +0 short sword. The gnoll hits you with a +0 flail.
You scratch Terence but do no damage.
Terence is severely wounded.
The gnoll hits you with a +0 flail!
* * * LOW HITPOINT WARNING * * *
Terence hits you with a +0 short sword.
You die...
Terence says, "Time to find some more victims."

## ####### ...
#..@†.#
#..##...hg#
#.........####
...##..#†.......
#.$....###..
.......)...##
...####.#.## .
#.#.# #.#.#
#.#+#


You could see Terence and a gnoll.

Vanquished Creatures
  2 gnolls
  A ball python (D:2)
  3 endoplasms
  2 giant cockroaches (D:1)
  3 jackals (D:1)
  2 bats
  2 kobolds (D:1)
  2 rats (D:1)
17 creatures vanquished.

Notes
Turn   | Place    | Note
-------+----------+-------------------------------------------
     0 | D:1      | CraigForest the Troll Shapeshifter began the quest for the
                  | Orb.
     0 | D:1      | Reached XP level 1. HP: 18/18 MP: 0/0
   673 | D:1      | Reached XP level 2. HP: 26/26 MP: 1/1
   822 | D:1      | Found a faded altar of an unknown god.
   836 | D:1      | Prayed at the altar of an unknown god.
   836 | D:1      | Became a worshipper of Ashenzari the Shackled
  1245 | D:2      | Noticed Terence
  1257 | D:1      | Reached XP level 3. HP: 9/32 MP: 2/2
  1283 | D:2      | Slain by Terence

Illustrated notes

Levels and vault maps discovered:
D:1:      wheals_arrival_linesprint, layout_basic,
          shapermc_ecumenical_altar_acropolis, chequers_decorated_corner,
          minmay_tree_intersection, chequers_garden
D:2:      layout_loops_corners, minmay_rat_gold_closets, uniq_terence

Action                     || total
---------------------------++-------
  Melee: Unarmed           ||    40
   Stab: Sleeping          ||     1
 Armour: Animal skin       ||    23
  Dodge: Dodged            ||    10
   Form: Beast             ||     1

Table legend: (Time is in decaauts)
 A = Elapsed time spent in this place.
 B = Non-inter-level travel time spent in this place.
 C = Inter-level travel time spent in this place.
 D = Time resting spent in this place.
 E = Time spent auto-exploring this place.
 F = Levels seen in this place.
 G = Mean time per level.
                   A        B        C        D        E       F      G
               +--------+--------+--------+--------+--------+-----+--------+
         Total |   1280 |   1220 |     60 |    200 |    805 |   2 |  640.0 |
       Dungeon |   1280 |   1220 |     60 |    200 |    805 |   2 |  640.0 |
               +--------+--------+--------+--------+--------+-----+--------+

Top non-repeatable levels by time:
     D:1: 1259 daAuts
     D:2: 21 daAuts
